 Dungeon Crawl Stone Soup version 0.25.1-2-g60ff931df9 (webtiles) character file.

Game seed: 10863018612985759349

48 DildoBatman the Magician (level 4, -1/30 HPs)
             Began as a Formicid Wizard on Aug 20, 2020.
             Slain by a hobgoblin (2 damage)
             ... on level 2 of the Dungeon.
             The game lasted 00:02:44 (1532 turns).

DildoBatman the Magician (Formicid Wizard)          Turns: 1532, Time: 00:02:46

Health: -1/30      AC:  2    Str: 12    XL:     4   Next: 0%
Magic:  5/8        EV: 12    Int: 18    God:
Gold:   92         SH:  0    Dex:  9    Spells: 2/9 levels left

rFire    . . .     SeeInvis +   b - +0 whip (curse)
rCold    . . .     Gourm    .   (no shield)
rNeg     . . .     Faith    .   a - +0 robe
rPois    .         Spirit   .   (helmet unavailable)
rElec    .         Reflect  .   (no cloak)
rCorr    .         Harm     .   (no gloves)
MR       .....                  (no boots)
Stlth    ++........             (no amulet)
HPRegen  0.10/turn              (no ring)
MPRegen  0.11/turn              (no ring)

@: no status effects
A: permanent stasis, dig shafts and tunnels, four strong arms, antennae 3
a: Dig, Shaft Self


You were on level 2 of the Dungeon.
You were not hungry.

You visited 1 branch of the dungeon, and saw 2 of its levels.

You collected 92 gold pieces.

Inventory:

Hand Weapons
 b - a cursed +0 whip (weapon)
 f - a +0 vampiric dagger
Missiles
 l - 17 bolts
Armour
 a - a +0 robe (worn)
Scrolls
 c - a scroll of fear {unknown}
 e - 3 scrolls of identify {unknown}
 g - 3 scrolls of remove curse {unknown}
 i - a scroll of magic mapping {unknown}
 k - a scroll of enchant weapon {unknown}
Potions
 d - a potion of lignification {unknown}
 h - a potion of stabbing {unknown}
Comestibles
 j - 3 chunks of flesh
 v - 2 rations


   Skills:
 - Level 1.7 Dodging
 - Level 2.4 Stealth
 - Level 3.2 Spellcasting
 * Level 3.1 Conjurations
   Level 1.0 Summonings
   Level 0.8 Translocations


You had 2 spell levels left.
You knew the following spells:

 Your Spells              Type           Power        Failure   Level  Hunger
a - Conjure Flame         Conj/Fire      #.......     26%         3    ###....
c - Magic Dart            Conj           ##..         4%          1    None
e - Mephitic Cloud        Conj/Pois/Air  #.......     30%         3    ###....

Your spell library contained the following spells:

 Spells                   Type           Power        Failure   Level  Hunger
 Call Imp                 Summ           #.......     16%         2    ##.....
 Slow                     Hex            #.......     24%         2    ##.....
 Blink                    Tloc           Unusable     N/A         2    N/A

Dungeon Overview and Level Annotations

Branches:
Dungeon (2/15)

Altars:


Innate Abilities, Weirdness & Mutations

You cannot be hasted, slowed, berserked, paralysed or teleported.
You can dig through walls and to a lower floor.
Your four strong arms can wield two-handed weapons with a shield.
You have a pair of large antennae on your head. (SInv)


Message History

The kobold hits you with a +0 dagger. What are your orders? t - Shout!
Orders for allies: a - Attack new target. r - Retreat! s - Stop attacking. g - Guard the area. f - Follow me.
Anything else - Cancel.
You shout for attention!
The hobgoblin hits you. The kobold hits you with a +0 dagger.
What are your orders? t - Shout!
Orders for allies: a - Attack new target. r - Retreat! s - Stop attacking. g - Guard the area. f - Follow me.
Anything else - Cancel.
You shout for attention!
You hear an angry hiss.
The hobgoblin hits you.
You die...

.#.####†# #.....#
....{...#
#..###.#
.######.# #..#
#.#####..#
##†......>#
#.....##..#
#.#####.........#
......gK#######.#
#.#####@# .# {
#)# .# #.# .. #.#
# #.# #.# #.. ##.


You could see a hobgoblin and a kobold.

Vanquished Creatures
  2 adders (D:2)
  2 dart slugs (D:1)
  A leopard gecko (D:2)
  A ball python (D:1)
  A giant cockroach (D:1)
  3 goblins
  3 hobgoblins (D:1)
  6 jackals
  A frilled lizard (D:1)
  A kobold (D:1)
  3 rats
24 creatures vanquished.

Notes
Turn   | Place    | Note
-------+----------+-------------------------------------------
     0 | D:1      | DildoBatman the Formicid Wizard began the quest for the
                  | Orb.
     0 | D:1      | Reached XP level 1. HP: 13/13 MP: 4/4
    63 | D:1      | Reached skill level 1 in Conjurations
   312 | D:1      | Reached XP level 2. HP: 15/19 MP: 1/6
  1149 | D:2      | Reached XP level 3. HP: 24/24 MP: 2/7
  1154 | D:2      | Learned a level 3 spell: Conjure Flame
  1158 | D:2      | Learned a level 3 spell: Mephitic Cloud
  1493 | D:2      | Reached XP level 4. HP: 25/30 MP: 1/8
  1531 | D:2      | HP: 1/30 [kobold/+0 dagger (1)]
  1532 | D:2      | Slain by a hobgoblin

Illustrated notes

Levels and vault maps discovered:
D:1:      wander_arrival_abandoned_jail, layout_basic
D:2:      layout_loops_ring, kennysheep_another_room, minivault_19, st_stairs_3,
          minmay_small_reverse_x, uniq_sigmund, uniq_crazy_yiuf_cottage

Skill      XL: |  1  2  3 |
---------------+----------+-----
Conjurations   | 1 2 3 |  3.1
Dodging        | |  1.7
Stealth        | |  2.4
Spellcasting   | |  3.2
Summonings     | |  1.0
Translocations | |  0.8

Action                   |  1- 3 |  4- 6 || total
-------------------------+-------+-------++-------
Melee: Whip              |    10 |       ||    10
 Cast: Magic Dart        |    67 |     1 ||    68
  Eat: Chunk             |     2 |       ||     2
Armor: Robe              |     3 |     5 ||     8
Dodge: Dodged            |    14 |    18 ||    32
